 Dungeon Sprint DCSS version 0.30-a0-605-gb2882149bf (webtiles) character file.

Game seed: 636163780699776109

669 NinjaNoafa the Covert (level 7, -4/61 HPs)
             Began as a Spriggan Fighter on Jan 8, 2023.
             Was a Believer of Uskayaw.
             Slain by a sixfirhy (12 damage)
             ... in the Dungeon (Sprint VII: "The Pits").
             The game lasted 00:03:49 (1537 turns).

NinjaNoafa the Covert (Spriggan Fighter)            Turns: 1537, Time: 00:03:49

Health: -4/61      AC:  3    Str: 10 (12) XL:     7   Next: 32%
Magic:  8/8        EV: 21    Int:  8 (10) God:    Uskayaw [**....]
Gold:   0          SH:  7    Dex: 14 (16) Spells: 6/6 levels left

rFire   . . .      SeeInvis +    o - +1 dagger (venom)
rCold   . . .      Faith    .    c - +0 buckler
rNeg    . . .      Spirit   .    b - +0 robe
rPois   .          Reflect  .    (helmet restricted)
rElec   .          Harm     .    p - +0 cloak
rCorr   .          Rampage  .    (gloves unavailable)
Will    +....      NoTele   +    (boots unavailable) Stlth
                                 (no amulet)
HPRegen 0.30/turn                (no ring)
MPRegen 0.11/turn                (no ring)

@: berserking, very quick
A: very small, no large weapons, unfitting armour, see invisible, speed 3
a: Renounce Religion, Stomp, Line Pass


You were in the Dungeon.
You worshipped Uskayaw.
Uskayaw was noncommittal.
You visited 1 branch

Inventory:

Hand Weapons
 k - a +2 dagger
 o - a +1 dagger of venom (weapon)
Armour
 b - a +0 robe (worn)
 c - a +0 buckler (worn)
 p - a +0 cloak (worn)
Scrolls
 l - 5 scrolls of amnesia
 m - a scroll of butterflies
 n - 2 scrolls of vulnerability
Potions
 a - 2 potions of invisibility
 d - a potion of might
 e - 6 potions of curing
 f - 3 potions of heal wounds
 g - a potion of haste
 h - 4 potions of magic


   Skills:
 + Level 6.5 Fighting
 + Level 8.1 Short Blades
 + Level 10.2 Dodging
 + Level 11.0 Stealth
 + Level 5.9 Shields


You had 6 spell levels left.
You didn't know any spells.
Your spell library was empty.

Dungeon Overview and Level Annotations

Branches:
Dungeon (1/1)

Altars:
Ashenzari
Cheibriados
Dithmenos
Elyvilon
Fedhas
Gozag
Hepliaklqana
Kikubaaqudgha
Makhleb
Nemelex Xobeh
Okawaru
Qazlal
Ru
Sif Muna
Trog
Uskayaw
Vehumet
Wu Jian
Xom
Yredelemnul
Zin
The Shining One
Jiyva
Lugonu


Innate Abilities, Weirdness & Mutations

You are very small and have problems with some larger weapons.
You are too small for most types of armour.
You have supernaturally acute eyesight. (SInv)
You cover ground extremely quickly. (Speed+++)


Message History

You miss the sixfirhy.
You feel much better. The sixfirhy completely misses you.
It was a potion of degeneration.
There was something very wrong with that liquid.
You feel weakened.
You feel dopey.
You feel clumsy.
You block the sixfirhy's attack. x2; The sixfirhy completely misses you.
The sixfirhy hits you but does no damage.
A red film seems to cover your vision as you go berserk!
You feel yourself moving faster!
You feel mighty!
The sixfirhy completely misses you. x2; The sixfirhy hits you.
The sixfirhy shocks you!
You hit the sixfirhy.
The sixfirhy is poisoned.
The sixfirhy is lightly wounded.
You closely miss the sixfirhy.
The sixfirhy is lightly wounded.
You hit the sixfirhy.
The sixfirhy looks as sick as possible!
The sixfirhy is lightly wounded.
You closely miss the sixfirhy.
The sixfirhy is lightly wounded.
You closely miss the sixfirhy.
The sixfirhy is lightly wounded.
You puncture the sixfirhy!
The sixfirhy looks as sick as possible!
The sixfirhy is moderately wounded.
The sixfirhy hits you! The sixfirhy shocks you!
You block the sixfirhy's attack.
You can now pass through a line of other dancers.
Press: ? - help, v - describe, . - travel
Here: a sixfirhy (moderately wounded, extremely poisoned)
An open door.
Unknown command.
Unknown command.
You puncture the sixfirhy!
The sixfirhy looks as sick as possible!
The sixfirhy is severely wounded.
The sixfirhy completely misses you.
You miss the sixfirhy.
The sixfirhy is severely wounded.
The sixfirhy hits you!
* * * LOW HITPOINT WARNING * * *
The sixfirhy shocks you!
You die...

#.#........##.......#
#'###########.......#
#..#.#.##..##########
#.......#)######
##.#)#.##.#....#
#.......#'#....#
##.#.#.##Sl....+
#....)))#3#....#
##.#)#..@)#..3.#
###############


You could see a sixfirhy (extremely poisoned), a basilisk and an adder.

Vanquished Creatures
  A flying skull (D)
  An acid dragon (D)
  A floating eye (D)
  A centaur (D)
  A gnoll sergeant (D)
  Crazy Yiuf (D)
  An iron imp (D)
  6 gnolls (D)
  A river rat (D)
  An adder (D)
  An adder zombie (D)
  An adder skeleton (D)
  A bat zombie (D)
  2 endoplasms (D)
  2 giant cockroaches (D)
  A goblin (D)
  A hobgoblin (D)
  A kobold (D)
  A bat (D)
26 creatures vanquished.

Notes
Turn   | Place    | Note
-------+----------+-------------------------------------------
     0 | D        | NinjaNoafa the Spriggan Fighter began the quest for the
                  | Orb.
     0 | D        | Reached XP level 1. HP: 11/11 MP: 2/2
    13 | D        | Reached skill level 1 in Stealth
    40 | D        | Found a bloodstained altar of Trog.
    40 | D        | Found a shimmering blue altar of Sif Muna.
    40 | D        | Found a viscous altar of Jiyva.
    40 | D        | Found a hazy altar of Hepliaklqana.
    40 | D        | Found an opulent altar of Gozag.
    41 | D        | Found a glowing golden altar of the Shining One.
    41 | D        | Found a glowing silver altar of Zin.
    41 | D        | Found a basalt altar of Yredelemnul.
    41 | D        | Found a shimmering altar of Xom.
    41 | D        | Found an ornate altar of the Wu Jian Council.
    41 | D        | Found a sacrificial altar of Ru.
    41 | D        | Found a stormy altar of Qazlal.
    41 | D        | Found an iron altar of Okawaru.
    41 | D        | Found a sparkling altar of Nemelex Xobeh.
    41 | D        | Found a burning altar of Makhleb.
    41 | D        | Found a blossoming altar of Fedhas.
    41 | D        | Found a white marble altar of Elyvilon.
    41 | D        | Found a shadowy altar of Dithmenos.
    41 | D        | Found a snail-covered altar of Cheibriados.
    42 | D        | Found a radiant altar of Vehumet.
    42 | D        | Found a corrupted altar of Lugonu.
    43 | D        | Found a hide-covered altar of Uskayaw.
    43 | D        | Found an ancient bone altar of Kikubaaqudgha.
    43 | D        | Found a broken altar of Ashenzari.
    51 | D        | Became a worshipper of Uskayaw the Reveller
    74 | D        | Reached * piety under Uskayaw
    89 | D        | Reached ** piety under Uskayaw
    90 | D        | Reached skill level 2 in Stealth
    90 | D        | Reached XP level 2. HP: 15/16 MP: 3/3
  1278 | D        | Reached skill level 3 in Stealth
  1291 | D        | Reached skill level 5 in Dodging
  1292 | D        | Reached *** piety under Uskayaw
  1301 | D        | Noticed a floating eye
  1305 | D        | Killed a floating eye
  1306 | D        | Reached skill level 5 in Short Blades
  1306 | D        | Reached skill level 6 in Stealth
  1306 | D        | Reached XP level 3. HP: 20/21 MP: 4/4
  1306 | D        | Reached XP level 4. HP: 24/25 MP: 5/5
  1323 | D        | Reached **** piety under Uskayaw
  1419 | D        | Noticed a flying skull
  1420 | D        | Noticed a centaur
  1421 | D        | Noticed a gnoll sergeant
  1422 | D        | Reached XP level 5. HP: 30/30 MP: 6/6
  1423 | D        | Killed a flying skull
  1424 | D        | Reached skill level 5 in Fighting
  1424 | D        | Reached skill level 9 in Stealth
  1424 | D        | Reached XP level 6. HP: 35/35 MP: 7/7
  1426 | D        | Reached skill level 5 in Shields
  1440 | D        | Reached ***** piety under Uskayaw
  1442 | D        | Reached skill level 10 in Stealth
  1448 | D        | Reached XP level 7. HP: 40/40 MP: 8/8
  1476 | D        | Reached skill level 10 in Dodging
  1477 | D        | Noticed Crazy Yiuf
  1489 | D        | Killed Crazy Yiuf
  1490 | D        | Reached skill level 11 in Stealth
  1518 | D        | Noticed a basilisk
  1518 | D        | Noticed a sixfirhy
  1537 | D        | Slain by a sixfirhy

Illustrated notes

Levels and vault maps discovered:
D:        pitsprint [storerooms_1, entrance_room_1, metal_vault_5, armoury_2,
          mini_pit_1, grid_room_1, main_hall_1, silver_pit, the_coven_1,
          the_vestibule_1, steel_vault_1, golden_pit, hallway_of_sentries,
          crystal_vault_6, iron_vault_2, final_vault]

Skill      XL: |  1  2  3  4  5  6  7 |
---------------+----------------------+-----
Stealth        | 2 6 9 10 11 | 11.0
Short Blades   | 3 5 6 7 8 |  8.1
Fighting       | 4 5 6 |  6.5
Dodging        | 6 7 8 9 10 | 10.2
Shields        | 3 4 5 |  5.9

Action                   |  1- 3 |  4- 6 |  7- 9 || total
-------------------------+-------+-------+-------++-------
Melee: Dagger            |    35 |    34 |    23 ||    92
       Rapier            |     3 |       |       ||     3
  Use: Potion            |     2 |     2 |     3 ||     7
       Scroll            |       |     1 |       ||     1
 Stab: Sleeping          |     1 |     3 |     2 ||     6
       Paralysed         |     1 |     1 |     1 ||     3
Armor: Robe              |     2 |     8 |     1 ||    11
Dodge: Dodged            |    32 |    54 |    10 ||    96
Block: Buckler           |     5 |    30 |    10 ||    45

Table legend: (Time is in decaauts)
 A = Elapsed time spent in this place.
 B = Non-inter-level travel time spent in this place.
 C = Inter-level travel time spent in this place.
 D = Time resting spent in this place.
 E = Time spent auto-exploring this place.
 F = Levels seen in this place.
 G = Mean time per level.
                   A        B        C        D        E       F      G
               +--------+--------+--------+--------+--------+-----+--------+
         Total |   1478 |   1478 |      0 |   1185 |    118 |   1 | 1478.0 |
       Dungeon |   1478 |   1478 |      0 |   1185 |    118 |   1 | 1478.0 |
               +--------+--------+--------+--------+--------+-----+--------+

Top non-repeatable levels by time:
       D: 1478 daAuts
